 Dungeon Crawl Stone Soup version 0.30-a0-1103-g25895a7845 (webtiles) character file.

Game seed: 9635595348142258448

94 Jeffwins the Ducker (level 4, 15/33 HPs)
             Began as a Human Wanderer on Apr 18, 2023.
             Was an Initiate of Vehumet.
             Quit the game on level 3 of the Dungeon.
             The game lasted 00:02:37 (1567 turns).

Jeffwins the Ducker (Human Wanderer)                Turns: 1567, Time: 00:02:38

Health: 15/33      AC:  4    Str: 11    XL:     4   Next: 94%
Magic:  4/4        EV: 13    Int: 12    God:    Vehumet [......]
Gold:   183        SH:  0    Dex: 12    Spells: 3/3 levels left

rFire   . . .      SeeInvis .    a - +0 shortbow
rCold   . . .      Faith    .    (shield currently unavailable)
rNeg    . . .      Spirit   .    c - +0 leather armour
rPois   .          Reflect  .    (no helmet)
rElec   .          Rampage  .    p - scarf {repulsion}
rCorr   +                        (no gloves)
Will    .....                    k - +0 pair of boots
Stlth   ++                       (no amulet)
HPRegen 0.25/turn                R - ring of resist corrosion
MPRegen 0.09/turn                (no ring)

@: mildly poisoned (15 -> 10), repel missiles
A: clumsy 1, dopey 1, inability to read after injury 1
a: Renounce Religion


You were on level 3 of the Dungeon.
You worshipped Vehumet.
Vehumet was noncommittal.
You visited 1 branch of the dungeon, and saw 3 of its levels.

You collected 183 gold pieces.


Innate Abilities, Weirdness & Mutations

You are clumsy. (Dex -2)
You are dopey. (Int -2)
You occasionally lose the ability to read scrolls when taking damage.


   Skills:
 + Level 1.7 Fighting
 * Level 3.6 Ranged Weapons
 - Level 2.0 Throwing
 - Level 5.0 Dodging
 + Level 2.3 Stealth


You had 3 spell levels left.
You didn't know any spells.
Your spell library was empty.

Inventory:

Hand Weapons
 a - a +0 shortbow (weapon)
 g - a +1 dagger of pain
 q - the +8 dagger of Doom {distort, rPois}
   (You found it on level 2 of the Dungeon)

   rPois:     It protects you from poison.
Missiles
 b - 3 throwing nets {=f}
 d - 6 boomerangs
Armour
 c - a +0 leather armour (worn)
 k - a +0 pair of boots (worn)
 p - a scarf of repulsion (worn)
Jewellery
 R - a ring of resist corrosion (left hand)
Scrolls
 e - a scroll of blinking {unknown}
 i - a scroll of poison {unknown}
 j - a scroll of teleportation {unknown}
 m - a scroll of vulnerability {unknown}
 n - 2 scrolls of identify {unknown}
 o - 2 scrolls of immolation {unknown}
 t - a scroll of noise {unknown}
Potions
 h - a potion of haste {unknown}
 l - 2 potions of curing {unknown}
 r - 3 potions of heal wounds {unknown}
 s - 2 potions of flight {unknown}

Dungeon Overview and Level Annotations

Branches:
Dungeon (3/15)

Altars:
Vehumet

#..........# #...<...#
.......##.# #.......#
#...:....# #.........#
..##..)..#..# ##........#
.........#..# #
.........## .....)..##K.#
. ).##......## ##.
#...BS#.# # #..)....#
...##.###S#.# .........
......###@#.####.#........
.................##.....†.
#..........###### ##...#.#
#...........# #..#.#.#
#...........#### #. #.#.#
...............# #.. #...#
.......#..#.#..###.###...#
.......#....#............#
.......#....###....###...#


You could see 2 adders, a giant cockroach and a kobold.


Message History

The adder poisons you!
You shoot an arrow. The arrow hits the adder.
The adder is moderately wounded.
You feel sick. The adder closely misses you.
You shoot an arrow. The arrow barely misses the adder.
You feel sick. The adder bites you but does no damage.
The adder barely misses you.
You shoot an arrow. The arrow misses the adder.
You feel sick. The adder completely misses you. The adder misses you.
The adder closely misses you. The adder barely misses you.
Unknown command.
You feel sick. The adder barely misses you.
You feel sick.
You are no longer poisoned.
The adder bites you.
You are poisoned.
The adder poisons you!
You shoot an arrow.
The arrow hits the adder but does no damage.
You feel sick. The adder bites you.
You are more poisoned.
The adder poisons you!
Really quaff
f - a potion of mutation {!q}?
Really quaff the potion of mutation?
You feel extremely strange.
You feel stupid.
You feel clumsy.
You occasionally lose the ability to read scrolls when taking damage.
You feel sick. The adder bites you but does no damage.
The adder barely misses you.
Unknown command.
Are you sure you want to abandon this character and quit the game? (Confirm with "yes".)

Skill      XL: |  1  2  3 |
---------------+----------+-----
Fighting       | 1 |  1.7
Ranged Weapons | 3 |  3.6
Stealth        | 2 |  2.3
Throwing       | |  2.0
Dodging        | |  5.0

Action                     |  1- 3 |  4- 6 || total
---------------------------+-------+-------++-------
   Fire: Sling             |    33 |       ||    33
         Shortbow          |    65 |    64 ||   129
    Use: Potion            |       |     1 ||     1
 Armour: Leather armour    |    11 |    16 ||    27
  Dodge: Dodged            |    42 |    45 ||    87

Levels and vault maps discovered:
D:1:      giann_bridges, layout_loops_ring, chequers_jeans, minmay_heptomino_w4
D:2:      layout_loops_ring, basic_ecumenical_altar, basic_altar,
          eino_tiny_chamber
D:3:      layout_rooms, uniq_crazy_yiuf_cottage, uniq_jessica

Notes
Turn   | Place    | Note
-------+----------+-------------------------------------------
     0 | D:1      | Jeffwins the Human Wanderer began the quest for the Orb.
     0 | D:1      | Jeffwins set off with the following items: a +0 sling, 3
                  | throwing nets {=f}, a +0 leather armour, 6 boomerangs, a +0
                  | dagger, a potion of mutation {!q}.
     0 | D:1      | Reached XP level 1. HP: 13/13 MP: 1/1
   142 | D:1      | Reached XP level 2. HP: 20/20 MP: 2/2
   249 | D:1      | Reached XP level 3. HP: 25/25 MP: 3/3
   291 | D:1      | Reached skill level 1 in Fighting
   735 | D:2      | Reached skill level 3 in Ranged Weapons
   768 | D:2      | Reached skill level 2 in Stealth
   988 | D:2      | Reached XP level 4. HP: 32/32 MP: 4/4
  1011 | D:2      | Found a faded altar of an unknown god.
  1057 | D:2      | Identified the +8 dagger of Doom {distort, rPois}
  1126 | D:2      | Found a radiant altar of Vehumet.
  1135 | D:2      | Became a worshipper of Vehumet
  1492 | D:3      | Noticed Jessica
  1494 | D:3      | Killed Jessica
  1566 | D:3      | Gained mutation: You are dopey. (Int -2) [potion of
                  | mutation]
  1566 | D:3      | Gained mutation: You are clumsy. (Dex -2) [potion of
                  | mutation]
  1566 | D:3      | Gained mutation: You occasionally lose the ability to read
                  | scrolls when taking damage. [potion of mutation]
  1567 | D:3      | Quit the game

Vanquished Creatures
  Jessica (D:3)
  An adder (D:2)
  2 worms (D:2)
  2 dart slugs (D:1)
  5 ball pythons
  4 bats
  5 endoplasms
  3 giant cockroaches
  3 goblins (D:3)
  4 hobgoblins
  3 jackals (D:1)
  3 quokkas
  3 frilled lizards
  5 kobolds
  2 rats (D:1)
46 creatures vanquished.

Table legend: (Time is in decaauts)
 A = Elapsed time spent in this place.
 B = Non-inter-level travel time spent in this place.
 C = Inter-level travel time spent in this place.
 D = Time resting spent in this place.
 E = Time spent auto-exploring this place.
 F = Levels seen in this place.
 G = Mean time per level.
                   A        B        C        D        E       F      G
               +--------+--------+--------+--------+--------+-----+--------+
         Total |   1629 |   1575 |     54 |      0 |   1201 |   3 |  543.0 |
       Dungeon |   1629 |   1575 |     54 |      0 |   1201 |   3 |  543.0 |
               +--------+--------+--------+--------+--------+-----+--------+

Top non-repeatable levels by time:
     D:2: 890 daAuts
     D:1: 590 daAuts
     D:3: 148 daAuts

Table legend:
 A = Non-vault XP
 B = Vault XP
 C = Vault XP percentage of total XP
 D = Non-vault monster count
 E = Vault monster count
 F = Vault count percentage of total count
                 A         B        C        D         E       F
            +---------+---------+-------+---------+---------+-------
      Total |      88 |      47 |  34.8 |      40 |       6 |  13.0
            +---------+---------+-------+---------+---------+-------
        D:1 |      29 |      10 |  25.6 |      16 |       5 |  23.8
        D:2 |      41 |       0 |   0.0 |      14 |       0 |   0.0
        D:3 |      18 |      37 |  67.3 |      10 |       1 |   9.1
            +---------+---------+-------+---------+---------+-------
